 Dungeon Crawl Stone Soup version 0.26-a0-1060-g086102a3f0 (webtiles) character file.

Game seed: 12530067805854089922

17712 woodenlegs the Thaumaturge (level 12, -10/94 HPs)
             Began as a Gnoll Warper on Dec 9, 2020.
             Was an Elder of Dithmenos.
             Killed from afar by a rime drake (22 damage)
             ... with a flash freeze
             ... on level 4 of the Lair of Beasts on Dec 13, 2020.
             The game lasted 01:31:59 (23705 turns).

woodenlegs the Thaumaturge (Gnoll Warper)          Turns: 23705, Time: 01:31:59

Health: -10/94     AC:  6    Str: 15    XL:     12   Next: 50%
Magic:  25/25      EV: 18    Int: 17    God:    Dithmenos [****..]
Gold:   638        SH:  5    Dex: 17    Spells: 3/29 levels left

rFire    . . .     SeeInvis .   a - +1 trident of Navue {vorpal, rC+}
rCold    + + .     Faith    .   (no shield)
rNeg     . . .     Spirit   .   A - +0 steam dragon scales
rPois    .         Reflect  +   (no helmet)
rElec    .         Harm     .   (no cloak)
rCorr    .         Rampage  .   (no gloves)
Will     .....                  (no boots)
Stlth    +++++.....             N - amulet of reflection
HPRegen  0.25/turn              K - +4 ring of slaying
MPRegen  0.19/turn              t - ring of protection from cold

@: wreathed by umbra
A: distributed training, fangs 1, strong nose
a: Shadow Step, Renounce Religion


You were on level 4 of the Lair of Beasts.
You worshipped Dithmenos.
Dithmenos was greatly pleased with you.
You visited 3 branches of the dungeon, and saw 16 of its levels.
You also visited: Ossuary.

You collected 698 gold pieces.
You spent 60 gold pieces at shops.

Inventory:

Hand Weapons
 a - the +1 trident of Navue (weapon) {vorpal, rC+}
   (You took it off an orc on level 6 of the Dungeon)

   It inflicts extra damage upon your enemies.
   It protects you from cold.
 h - a +4 hunting sling of freezing
 r - a +0 shortbow
 w - a cursed -1 dagger
 C - a +1 spear
 E - a +0 glaive
Missiles
 e - 2 boomerangs of dispersal
 i - 268 stones (quivered ammo)
 s - 234 arrows
 y - 2 boomerangs
 I - 2 silver boomerangs
Armour
 b - a +0 leather armour
 p - a +1 ring mail of poison resistance
 A - +0 steam dragon scales (worn)
 D - +1 acid dragon scales
 H - a +0 plate armour
Magical Staves
 Q - an uncursed staff of earth
Jewellery
 f - an uncursed ring of attention
 m - an uncursed ring of poison resistance
 t - a ring of protection from cold (right hand)
 K - a +4 ring of slaying (left hand)
 N - an amulet of reflection (around neck)
 O - a +4 ring of protection
Wands
 k - a wand of polymorph (15)
 F - a wand of paralysis (8)
 L - a wand of iceblast (8)
 R - a wand of digging (6)
Scrolls
 c - 6 scrolls of identify
 g - 7 scrolls of remove curse
 n - 5 scrolls of teleportation
 v - a scroll of amnesia
 z - 2 scrolls of fog
 G - a scroll of enchant armour
 M - a scroll of magic mapping
 S - a scroll of summoning
 T - 2 scrolls of blinking
Potions
 d - 2 potions of brilliance
 j - 5 potions of lignification
 l - 4 potions of flight
 q - 2 potions of attraction
 u - 4 potions of magic
 x - 5 potions of curing
 B - 2 potions of cancellation
 J - 2 potions of resistance
 U - 2 potions of heal wounds
Miscellaneous
 o - a lightning rod (1/4)


   Skills:
 + Level 8.7 Fighting
 + Level 7.3 Short Blades
 + Level 7.3 Long Blades
 + Level 7.3 Axes
 + Level 7.3 Maces & Flails
 + Level 8.7 Polearms
 + Level 7.3 Staves
 + Level 7.3 Slings
 + Level 7.3 Bows
 + Level 7.3 Crossbows
 + Level 7.8 Throwing
 + Level 7.8 Armour
 + Level 8.7 Dodging
 + Level 7.3 Stealth
 + Level 7.3 Shields
 + Level 7.3 Unarmed Combat
 + Level 9.0 Spellcasting
 + Level 6.1 Conjurations
 + Level 6.1 Hexes
 + Level 6.1 Summonings
 + Level 6.1 Necromancy
 + Level 8.3 Translocations
 + Level 6.1 Transmutations
 + Level 6.1 Fire Magic
 + Level 6.1 Ice Magic
 + Level 6.1 Air Magic
 + Level 6.1 Earth Magic
 + Level 6.1 Poison Magic
 + Level 8.1 Invocations
 + Level 7.3 Evocations


You had 3 spell levels left.
You knew the following spells:

 Your Spells              Type           Power        Failure   Level
a - Blink                 Tloc           N/A          1%          2
b - Gell's Gravitas       Tloc           #####.....   1%          3
c - Lesser Beckoning      Tloc           #####.....   1%          3
d - Teleport Other        Tloc           #####...     1%          3
e - Passage of Golubria   Tloc           N/A          3%          4
f - Vampiric Draining     Necr           ####......   2%          3
g - Animate Skeleton      Necr           ####..       1%          1
h - Hailstorm             Conj/Ice       ####....     8%          4
i - Dazzling Flash        Conj/Hex       ####..       2%          3

Your spell library contained the following spells:

 Spells                   Type           Power        Failure   Level
 Freeze                   Ice            ####         1%          1
 Magic Dart               Conj           ####         1%          1
 Pain                     Necr           ####         1%          1
 Searing Ray              Conj           ####..       1%          2
 Frozen Ramparts          Ice            ####..       2%          3
 Ozocubu's Armour         Ice            ####....     2%          3
 Iskenderun's Mystic Bla  Conj/Tloc      ####....     4%          4
 Animate Dead             Necr           ####......   8%          4
 Fulminant Prism          Conj/Hex       ####......   8%          4
 Summon Ice Beast         Ice/Summ       ####....     8%          4
 Agony                    Necr           ####....     22%         5


Dungeon Overview and Level Annotations

Branches:
Dungeon (11/15)            Temple (1/1) D:5            Lair (4/6) D:9
  Swamp (0/4) Lair:2        Snake (0/4) Lair:2          Orc (0/2) D:10
Ossuary (visited)

Altars:
Ashenzari
Cheibriados
Dithmenos
Elyvilon
Fedhas
Gozag
Hepliaklqana
Kikubaaqudgha
Makhleb
Nemelex Xobeh
Okawaru
Qazlal
Ru
Sif Muna
Trog
Uskayaw
Vehumet
Wu Jian
Xom
Yredelemnul
Zin
The Shining One

Shops:
D:6 !


Innate Abilities, Weirdness & Mutations

Your experience applies equally to all skills.
You have very sharp teeth.
Your uncanny sense of smell can sniff out nearby items.


Message History

You see here a tiny platinum amulet.
Okay, then.
Unknown command.
The dream sheep bleats!
The dream sheep ruffle their wool and motes of dream dust sparkle, to no effect.
Unknown command.
Unknown command.
Unknown command.
The rime drake hisses angrily.
The dream sheep bleats!
The dream sheep ruffle their wool and motes of dream dust sparkle, to no effect.
Unknown command.
The dream sheep are wreathed in dream dust.
You feel drowsy...
You fall asleep.
The dream sheep bites you!
You wake up.
* * * LOW HITPOINT WARNING * * *
Unknown command.
Unknown command.
The rime drake breathes ice at you. The flash freeze hits you!!
You partially resist.
You die...

.... ##..".8....Y# ....?.
##...#####...# ......
##..l## ## #... ......#
#..D## #.## #..
.......###...###...###..
.......+.Y............
........8....Y8..>..8.
........k..Y......... ..
........##Y.@##.....# .Y.
.........#...###.#####...
.........##...#.## #.Y.#
...........#...#.###.Y.#
....>......#.....8...Y#
............##.......##
.............#.#.<.#.#
...............##.##
...........#######


You could see a five-headed hydra, a rime drake (catching breath), a wyvern and
4 dream sheep.

Vanquished Creatures
  Fannar (D:10)
  Josephine (D:10)
  A catoblepas (Lair:3)
  A black mamba (Lair:3)
  3 cane toads
  Maggie (D:7)
  A rime drake (Lair:3)
  A rime drake (shapeshifter) (D:10)
  4 komodo dragons
  Prince Ribbit (D:7)
  3 wyverns (D:9)
  5 wraiths (D:10)
  21 yaks
  A basilisk (D:9)
  A steam dragon (D:10)
  19 water moccasins
  3 black bears
  3 sky beasts
  2 orc warriors
  2 ice beasts
  A phantom (D:10)
  10 wolves
  An eye of draining (D:10)
  5 ogres
  6 centaurs
  13 bullfrogs
  7 water moccasin zombies (Ossuary)
  A wyvern skeleton (D:11)
  3 scorpions
  7 electric eels
  A howler monkey (D:10)
  2 centaur zombies
  4 hounds
  2 bullfrog zombies
  12 orc wizards
  6 orc priests
  2 jellies
  3 iguanas
  Ijyb (D:4)
  8 worker ants
  3 big kobold zombies (Ossuary)
  A hound zombie (D:7)
  2 hound skeletons
  2 mummies (Ossuary)
  6 gnolls
  17 adders
  A shadow imp (D:6)
  2 white imps
  An ufetubus (D:6)
  7 adder zombies
  An adder skeleton (D:5)
  4 worms
  3 dart slugs
  8 leopard geckos
  28 orcs
  10 giant cockroaches
  5 goblins
  8 hobgoblins
  2 jackals (D:7)
  5 quokkas
  2 ball pythons
  11 bats
  2 frilled lizards
  5 gnoll zombies (Ossuary)
  2 hobgoblin zombies (Ossuary)
  A jackal skeleton (D:5)
  4 kobolds
  A kobold zombie (Ossuary)
  6 orc zombies (Ossuary)
  2 quokka skeletons
  8 rats
330 creatures vanquished.

Vanquished Creatures (collateral kills)
  A bullfrog (Lair:2)
  An adder (D:9)
2 creatures vanquished.

Vanquished Creatures (others)
  2 jackals (D:7)
  14 fungi
  34 plants
50 creatures vanquished.

Grand Total: 382 creatures vanquished

Notes
Turn   | Place    | Note
-------+----------+-------------------------------------------
     0 | D:1      | woodenlegs the Gnoll Warper began the quest for the Orb.
     0 | D:1      | Reached XP level 1. HP: 20/20 MP: 6/6
   415 | D:1      | Reached XP level 2. HP: 24/26 MP: 7/7
   993 | D:2      | Reached XP level 3. HP: 26/31 MP: 9/9
  1077 | D:2      | Reached skill level 5 in Spellcasting
  1371 | D:2      | Reached skill level 1 in Invocations
  1726 | D:2      | Found a hide-covered altar of Uskayaw.
  1774 | D:2      | Found a sacrificial altar of Ru.
  1810 | D:2      | Reached skill level 1 in Short Blades
  1810 | D:2      | Reached skill level 1 in Long Blades
  1810 | D:2      | Reached skill level 1 in Axes
  1810 | D:2      | Reached skill level 1 in Maces & Flails
  1810 | D:2      | Reached skill level 1 in Staves
  1810 | D:2      | Reached skill level 1 in Slings
  1810 | D:2      | Reached skill level 1 in Bows
  1810 | D:2      | Reached skill level 1 in Crossbows
  1810 | D:2      | Reached skill level 1 in Stealth
  1810 | D:2      | Reached skill level 1 in Shields
  1810 | D:2      | Reached skill level 1 in Unarmed Combat
  1810 | D:2      | Reached skill level 1 in Evocations
  1810 | D:2      | Reached XP level 4. HP: 7/38 MP: 11/11
  2304 | D:1      | Learned a level 2 spell: Blink
  2308 | D:1      | Learned a level 3 spell: Gell's Gravitas
  2312 | D:1      | Learned a level 3 spell: Lesser Beckoning
  2316 | D:1      | Learned a level 3 spell: Teleport Other
  2344 | D:2      | Reached skill level 1 in Conjurations
  2344 | D:2      | Reached skill level 1 in Hexes
  2344 | D:2      | Reached skill level 1 in Summonings
  2344 | D:2      | Reached skill level 1 in Necromancy
  2344 | D:2      | Reached skill level 1 in Transmutations
  2344 | D:2      | Reached skill level 1 in Fire Magic
  2344 | D:2      | Reached skill level 1 in Ice Magic
  2344 | D:2      | Reached skill level 1 in Air Magic
  2344 | D:2      | Reached skill level 1 in Earth Magic
  2344 | D:2      | Reached skill level 1 in Poison Magic
  2844 | D:2      | Reached XP level 5. HP: 42/43 MP: 12/12
  4116 | D:3      | Reached XP level 6. HP: 43/50 MP: 1/13
  4687 | D:4      | Noticed Ijyb
  4739 | D:4      | Killed Ijyb
  4843 | D:4      | Reached skill level 5 in Fighting
  4843 | D:4      | Reached skill level 5 in Polearms
  4843 | D:4      | Reached skill level 5 in Dodging
  4982 | D:4      | Learned a level 4 spell: Passage of Golubria
  5171 | D:4      | Found a glowing golden altar of the Shining One.
  5375 | D:4      | Found a basalt altar of Yredelemnul.
  5478 | D:4      | Found a white marble altar of Elyvilon.
  5845 | D:4      | Reached XP level 7. HP: 46/56 MP: 15/15
  5896 | D:4      | Upgraded the game from 0.26-a0-1021-gda264ca44c to
                  | 0.26-a0-1040-gbe3abf3417
  6038 | D:5      | Entered Level 5 of the Dungeon
  6158 | D:5      | Found a staircase to the Ecumenical Temple.
  6427 | D:5      | Found a bloodstained altar of Trog.
  6574 | Temple   | Entered the Ecumenical Temple
  6813 | Temple   | Became a worshipper of Dithmenos the Shadowed
  7641 | D:5      | HP: 1/56 [centaur/arrow (9)]
  7665 | D:5      | Reached XP level 8. HP: 13/63 MP: 16/16
  8170 | D:6      | Found a sand-covered staircase.
  8175 | Ossuary  | Entered an ossuary
  8542 | Ossuary  | Reached * piety under Dithmenos
  8548 | Ossuary  | Reached skill level 6 in Spellcasting
  9759 | D:6      | Found a hazy altar of Hepliaklqana.
  9776 | D:6      | Found Jaxzeshrysea's Distillery.
  9786 | D:6      | Bought a potion of heal wounds for 60 gold pieces
  9854 | D:6      | Found a blossoming altar of Fedhas.
  9871 | D:6      | Reached XP level 9. HP: 35/69 MP: 18/18
 10221 | D:6      | Reached ** piety under Dithmenos
 10479 | D:6      | Identified the cursed +1 trident of Navue {vorpal, rC+}
 11143 | D:6      | Learned a level 3 spell: Vampiric Draining
 11145 | D:6      | Learned a level 1 spell: Animate Skeleton
 11442 | D:7      | Reached skill level 5 in Throwing
 11442 | D:7      | Reached skill level 5 in Armour
 11514 | D:7      | Noticed Maggie
 11553 | D:7      | Killed Maggie
 11670 | D:7      | Noticed Prince Ribbit
 11688 | D:7      | Killed Prince Ribbit
 11909 | D:7      | Reached skill level 5 in Invocations
 12592 | D:8      | Reached skill level 7 in Spellcasting
 12706 | D:8      | Reached XP level 10. HP: 77/77 MP: 20/20
 13018 | D:8      | Found a blossoming altar of Fedhas.
 13020 | D:8      | Found an ancient bone altar of Kikubaaqudgha.
 13100 | D:8      | Reached skill level 5 in Short Blades
 13100 | D:8      | Reached skill level 5 in Long Blades
 13100 | D:8      | Reached skill level 5 in Axes
 13100 | D:8      | Reached skill level 5 in Maces & Flails
 13100 | D:8      | Reached skill level 5 in Staves
 13100 | D:8      | Reached skill level 5 in Slings
 13100 | D:8      | Reached skill level 5 in Bows
 13100 | D:8      | Reached skill level 5 in Crossbows
 13100 | D:8      | Reached skill level 5 in Stealth
 13100 | D:8      | Reached skill level 5 in Shields
 13100 | D:8      | Reached skill level 5 in Unarmed Combat
 13100 | D:8      | Reached skill level 5 in Evocations
 13121 | D:8      | You fall into a shaft and drop 2 floors!
 13121 | D:10     | Entered Level 10 of the Dungeon
 13121 | D:10     | Noticed Fannar
 13280 | D:10     | Killed Fannar
 14301 | D:10     | Upgraded the game from 0.26-a0-1040-gbe3abf3417 to
                  | 0.26-a0-1053-gaff5f71418
 14932 | D:10     | Noticed Josephine
 14949 | D:10     | Noticed a black mamba
 14949 | D:10     | a shapeshifter changed into a black mamba
 14950 | D:10     | a black mamba changed into a shapeshifter
 15497 | D:9      | Found a staircase to the Lair.
 15553 | D:9      | Reached XP level 11. HP: 22/84 MP: 5/22
 16054 | D:9      | Learned a level 4 spell: Hailstorm
 16353 | D:9      | Found a broken altar of Ashenzari.
 16353 | D:9      | Found a shimmering blue altar of Sif Muna.
 16354 | D:9      | Found a glowing golden altar of the Shining One.
 16354 | D:9      | Found an opulent altar of Gozag.
 17023 | D:10     | Found a staircase to the Orcish Mines.
 17046 | D:10     | Reached skill level 5 in Conjurations
 17046 | D:10     | Reached skill level 5 in Hexes
 17046 | D:10     | Reached skill level 5 in Summonings
 17046 | D:10     | Reached skill level 5 in Necromancy
 17046 | D:10     | Reached skill level 5 in Transmutations
 17046 | D:10     | Reached skill level 5 in Fire Magic
 17046 | D:10     | Reached skill level 5 in Ice Magic
 17046 | D:10     | Reached skill level 5 in Air Magic
 17046 | D:10     | Reached skill level 5 in Earth Magic
 17046 | D:10     | Reached skill level 5 in Poison Magic
 17061 | D:10     | Killed Josephine
 17062 | D:10     | Reached skill level 8 in Spellcasting
 17737 | D:10     | Reached *** piety under Dithmenos
 18847 | D:11     | Learned a level 3 spell: Dazzling Flash
 18851 | D:11     | Noticed a seven-headed hydra
 18963 | Lair:1   | Entered Level 1 of the Lair of Beasts
 19218 | D:9      | HP: 4/86 [yak (6)]
 20294 | Lair:1   | Reached XP level 12. HP: 19/93 MP: 24/24
 20900 | Lair:1   | Noticed an eight-headed hydra
 20995 | Lair:2   | Upgraded the game from 0.26-a0-1053-gaff5f71418 to
                  | 0.26-a0-1060-g086102a3f0
 21315 | Lair:2   | Reached **** piety under Dithmenos
 21327 | Lair:2   | Found a staircase to the Snake Pit.
 22053 | Lair:2   | Found a staircase to the Swamp.
 22536 | Lair:3   | Noticed a catoblepas
 22544 | Lair:3   | Killed a catoblepas
 23134 | Lair:3   | Found a white marble altar of Elyvilon.
 23175 | Lair:3   | Reached skill level 9 in Spellcasting
 23687 | Lair:4   | Noticed a death yak
 23687 | Lair:4   | Noticed a death yak
 23687 | Lair:4   | Noticed a death yak
 23687 | Lair:4   | Noticed a death yak
 23690 | Lair:4   | Noticed a death yak
 23692 | Lair:4   | Noticed a death yak
 23692 | Lair:4   | Noticed a five-headed hydra
 23705 | Lair:4   | Killed from afar by a rime drake

Illustrated notes

Levels and vault maps discovered:
D:1:      shiori_arrival_elements, layout_loops_corners,
          chequers_serial_rivers_micro_b
D:2:      layout_loops_corners, overflow_temple_1_default,
          nicolae_ru_great_annihilating_truth
D:3:      minmay_spotlight, layout_loops_ring
D:4:      layout_loops_ring, old_standard_altar, marbit_many_paths,
          tso_metal_star, uniq_ijyb
D:5:      layout_rooms, kennysheep_mini, temple_pool_b
D:6:      layout_cave_pools, overflow_temple_1_default, enter_ossuary_2,
          serial_shops, shop_statue, fedhas_altar_1
D:7:      layout_loops_corners, uniq_prince_ribbit1, uniq_maggie
D:8:      layout_basic, grunt_temple_overflow_growth_and_decay, basic_altar,
          nicolae_sextant, lemuel_centaur_altar
D:9:      layout_basic, grunt_temple_overflow_cloverleaf,
          minmay_lair_entry_grove
D:10:     layout_basic, orc_0_dummy, minivault_5, uniq_fannar, uniq_josephine
D:11:     layout_rooms, xom_redecorated
Temple:   compressed_dpeg_circular_temple
Lair:1:   layout_long_grid, special_room [special_room_bee],
          serial_bayou_shore_a, grunt_megastairs_1
Lair:2:   layout_regular_city, minmay_swamp_entry_reptiles,
          minmay_snake_entry_six_corridors
Lair:3:   layout_chaotic_city, basic_altar
Lair:4:   layout_gridlike, beast_lair_carwin_10, grunt_megastairs_5,
          minmay_lair_oklob_chamber

Skill      XL: |  1  2  3  4  5  6  7  8  9 10 11 12 |
---------------+-------------------------------------+-----
Spellcasting   | 5 6 7 8 9 |  9.0
Invocations    | 1 2 3 4 5 6 7 8 |  8.1
Short Blades   | 1 2 3 4 5 6 7 |  7.3
Long Blades    | 1 2 3 4 5 6 7 |  7.3
Axes           | 1 2 3 4 5 6 7 |  7.3
Maces & Flails | 1 2 3 4 5 6 7 |  7.3
Staves         | 1 2 3 4 5 6 7 |  7.3
Slings         | 1 2 3 4 5 6 7 |  7.3
Bows           | 1 2 3 4 5 6 7 |  7.3
Crossbows      | 1 2 3 4 5 6 7 |  7.3
Stealth        | 1 2 3 4 5 6 7 |  7.3
Shields        | 1 2 3 4 5 6 7 |  7.3
Unarmed Combat | 1 2 3 4 5 6 7 |  7.3
Evocations     | 1 2 3 4 5 6 7 |  7.3
Conjurations   | 1 2 3 4 5 6 |  6.1
Hexes          | 1 2 3 4 5 6 |  6.1
Summonings     | 1 2 3 4 5 6 |  6.1
Necromancy     | 1 2 3 4 5 6 |  6.1
Transmutations | 1 2 3 4 5 6 |  6.1
Fire Magic     | 1 2 3 4 5 6 |  6.1
Ice Magic      | 1 2 3 4 5 6 |  6.1
Air Magic      | 1 2 3 4 5 6 |  6.1
Earth Magic    | 1 2 3 4 5 6 |  6.1
Poison Magic   | 1 2 3 4 5 6 |  6.1
Throwing       | 3 4 5 6 7 |  7.8
Armour         | 3 4 5 6 7 |  7.8
Fighting       | 5 6 7 8 |  8.7
Polearms       | 5 6 7 8 |  8.7
Dodging        | 5 6 7 8 |  8.7
Translocations | 6 7 8 |  8.3

Action                   |  1- 3 |  4- 6 |  7- 9 | 10-12 || total
-------------------------+-------+-------+-------+-------++-------
Melee: Spear             |   155 |   323 |   540 |       ||  1018
       Bite              |    12 |    18 |    84 |   127 ||   241
       Punch             |       |     6 |    14 |    24 ||    44
       Trident           |       |       |   130 |   853 ||   983
       Staff             |       |       |       |     8 ||     8
 Fire: Hunting sling     |       |       |    41 |    63 ||   104
Throw: Boomerang         |     2 |     1 |       |       ||     3
 Cast: Teleport Other    |       |     2 |     4 |       ||     6
       Blink             |       |     3 |     4 |     2 ||     9
       Gell's Gravitas   |       |     4 |     7 |    24 ||    35
       Vampiric Draining |       |       |       |    13 ||    13
       Animate Skeleton  |       |       |       |    20 ||    20
       Hailstorm         |       |       |       |     1 ||     1
Evoke: Wand              |       |       |     7 |     5 ||    12
       Lightning rod     |       |       |       |     4 ||     4
  Use: Scroll            |     6 |     6 |     7 |    17 ||    36
       Potion            |     2 |       |     5 |    16 ||    23
 Stab: Sleeping          |     1 |     6 |    14 |    15 ||    36
       Paralysed         |       |     4 |       |       ||     4
       Distracted        |       |     1 |       |     1 ||     2
Armor: Leather armour    |    26 |    34 |    41 |       ||   101
       Acid dragon scale |       |       |    16 |    70 ||    86
       Steam dragon scal |       |       |       |    68 ||    68
       Skin              |       |       |       |     6 ||     6
Dodge: Dodged            |    65 |   164 |   408 |   660 ||  1297
Block: Other             |       |       |       |    89 ||    89
       Reflection        |       |       |       |     1 ||     1

Table legend: (Time is in decaauts)
 A = Elapsed time spent in this place.
 B = Non-inter-level travel time spent in this place.
 C = Inter-level travel time spent in this place.
 D = Time resting spent in this place.
 E = Time spent auto-exploring this place.
 F = Levels seen in this place.
 G = Mean time per level.
                   A        B        C        D        E       F      G
               +--------+--------+--------+--------+--------+-----+--------+
         Total |  23562 |  22848 |    714 |   9699 |   8818 |  17 | 1386.0 |
       Dungeon |  18145 |  17479 |    666 |   7231 |   6843 |  11 | 1649.5 |
        Temple |    259 |    240 |     19 |      0 |    152 |   1 |  259.0 |
          Lair |   4152 |   4123 |     29 |   1929 |   1573 |   4 | 1038.0 |
       Ossuary |   1004 |   1004 |      0 |    538 |    250 |   1 | 1004.0 |
               +--------+--------+--------+--------+--------+-----+--------+

Top non-repeatable levels by time:
    D:10: 3580 daAuts
     D:9: 2431 daAuts
     D:5: 2034 daAuts
     D:2: 1806 daAuts
     D:6: 1693 daAuts
  Lair:2: 1590 daAuts
     D:4: 1543 daAuts
     D:3: 1455 daAuts
  Lair:1: 1392 daAuts
     D:1: 1383 daAuts
     D:7: 1237 daAuts
  Lair:3: 1132 daAuts
 Ossuary: 1004 daAuts
     D:8: 559 daAuts
    D:11: 420 daAuts
